%YAML 1.1
%TAG !u! tag:unity3d.com,2011:
--- !u!1 &5437495342759863647
GameObject:
  m_ObjectHideFlags: 0
  m_CorrespondingSourceObject: {fileID: 0}
  m_PrefabInstance: {fileID: 0}
  m_PrefabAsset: {fileID: 0}
  serializedVersion: 6
  m_Component:
  - component: {fileID: 5437495342759863644}
  m_Layer: 0
  m_Name: DoorAndPadlock
  m_TagString: Untagged
  m_Icon: {fileID: 0}
  m_NavMeshLayer: 0
  m_StaticEditorFlags: 0
  m_IsActive: 1
--- !u!4 &5437495342759863644
Transform:
  m_ObjectHideFlags: 0
  m_CorrespondingSourceObject: {fileID: 0}
  m_PrefabInstance: {fileID: 0}
  m_PrefabAsset: {fileID: 0}
  m_GameObject: {fileID: 5437495342759863647}
  m_LocalRotation: {x: 0, y: 0, z: 0, w: 1}
  m_LocalPosition: {x: 0.2, y: 2.4, z: 25.66}
  m_LocalScale: {x: 1, y: 1, z: 1}
  m_Children:
  - {fileID: 2278321603501500013}
  - {fileID: 252514478758821988}
  m_Father: {fileID: 0}
  m_RootOrder: 0
  m_LocalEulerAnglesHint: {x: 0, y: 0, z: 0}
--- !u!1001 &5336679485297530522
PrefabInstance:
  m_ObjectHideFlags: 0
  serializedVersion: 2
  m_Modification:
    m_TransformParent: {fileID: 5437495342759863644}
    m_Modifications:
    - target: {fileID: 3634683099081029254, guid: c9ec395e390306d43bf025cfd61415da,
        type: 3}
      propertyPath: m_Name
      value: Door
      objectReference: {fileID: 0}
    - target: {fileID: 6165859838716293367, guid: c9ec395e390306d43bf025cfd61415da,
        type: 3}
      propertyPath: m_LocalPosition.x
      value: 0
      objectReference: {fileID: 0}
    - target: {fileID: 6165859838716293367, guid: c9ec395e390306d43bf025cfd61415da,
        type: 3}
      propertyPath: m_LocalPosition.y
      value: 0
      objectReference: {fileID: 0}
    - target: {fileID: 6165859838716293367, guid: c9ec395e390306d43bf025cfd61415da,
        type: 3}
      propertyPath: m_LocalPosition.z
      value: 0
      objectReference: {fileID: 0}
    - target: {fileID: 6165859838716293367, guid: c9ec395e390306d43bf025cfd61415da,
        type: 3}
      propertyPath: m_LocalRotation.x
      value: -0
      objectReference: {fileID: 0}
    - target: {fileID: 6165859838716293367, guid: c9ec395e390306d43bf025cfd61415da,
        type: 3}
      propertyPath: m_LocalRotation.y
      value: -0
      objectReference: {fileID: 0}
    - target: {fileID: 6165859838716293367, guid: c9ec395e390306d43bf025cfd61415da,
        type: 3}
      propertyPath: m_LocalRotation.z
      value: -0
      objectReference: {fileID: 0}
    - target: {fileID: 6165859838716293367, guid: c9ec395e390306d43bf025cfd61415da,
        type: 3}
      propertyPath: m_LocalRotation.w
      value: 1
      objectReference: {fileID: 0}
    - target: {fileID: 6165859838716293367, guid: c9ec395e390306d43bf025cfd61415da,
        type: 3}
      propertyPath: m_RootOrder
      value: 0
      objectReference: {fileID: 0}
    - target: {fileID: 6165859838716293367, guid: c9ec395e390306d43bf025cfd61415da,
        type: 3}
      propertyPath: m_LocalEulerAnglesHint.x
      value: 0
      objectReference: {fileID: 0}
    - target: {fileID: 6165859838716293367, guid: c9ec395e390306d43bf025cfd61415da,
        type: 3}
      propertyPath: m_LocalEulerAnglesHint.y
      value: 0
      objectReference: {fileID: 0}
    - target: {fileID: 6165859838716293367, guid: c9ec395e390306d43bf025cfd61415da,
        type: 3}
      propertyPath: m_LocalEulerAnglesHint.z
      value: 0
      objectReference: {fileID: 0}
    m_RemovedComponents: []
  m_SourcePrefab: {fileID: 100100000, guid: c9ec395e390306d43bf025cfd61415da, type: 3}
--- !u!4 &2278321603501500013 stripped
Transform:
  m_CorrespondingSourceObject: {fileID: 6165859838716293367, guid: c9ec395e390306d43bf025cfd61415da,
    type: 3}
  m_PrefabInstance: {fileID: 5336679485297530522}
  m_PrefabAsset: {fileID: 0}
--- !u!95 &8720411651549319237 stripped
Animator:
  m_CorrespondingSourceObject: {fileID: 3677912051629442783, guid: c9ec395e390306d43bf025cfd61415da,
    type: 3}
  m_PrefabInstance: {fileID: 5336679485297530522}
  m_PrefabAsset: {fileID: 0}
--- !u!1001 &5437495343888904367
PrefabInstance:
  m_ObjectHideFlags: 0
  serializedVersion: 2
  m_Modification:
    m_TransformParent: {fileID: 5437495342759863644}
    m_Modifications:
    - target: {fileID: 1715983984, guid: bf1ab899542a88a4ebf6e27c1c43cbc7, type: 3}
      propertyPath: OpenThePadlock.m_PersistentCalls.m_Calls.Array.size
      value: 2
      objectReference: {fileID: 0}
    - target: {fileID: 1715983984, guid: bf1ab899542a88a4ebf6e27c1c43cbc7, type: 3}
      propertyPath: OpenThePadlock.m_PersistentCalls.m_Calls.Array.data[0].m_Mode
      value: 6
      objectReference: {fileID: 0}
    - target: {fileID: 1715983984, guid: bf1ab899542a88a4ebf6e27c1c43cbc7, type: 3}
      propertyPath: OpenThePadlock.m_PersistentCalls.m_Calls.Array.data[0].m_CallState
      value: 2
      objectReference: {fileID: 0}
    - target: {fileID: 1715983984, guid: bf1ab899542a88a4ebf6e27c1c43cbc7, type: 3}
      propertyPath: OpenThePadlock.m_PersistentCalls.m_Calls.Array.data[0].m_Target
      value: 
      objectReference: {fileID: 8720411651549319237}
    - target: {fileID: 1715983984, guid: bf1ab899542a88a4ebf6e27c1c43cbc7, type: 3}
      propertyPath: OpenThePadlock.m_PersistentCalls.m_Calls.Array.data[0].m_MethodName
      value: set_enabled
      objectReference: {fileID: 0}
    - target: {fileID: 1715983984, guid: bf1ab899542a88a4ebf6e27c1c43cbc7, type: 3}
      propertyPath: OpenThePadlock.m_PersistentCalls.m_Calls.Array.data[0].m_Arguments.m_ObjectArgumentAssemblyTypeName
      value: UnityEngine.Object, UnityEngine
      objectReference: {fileID: 0}
    - target: {fileID: 1715983984, guid: bf1ab899542a88a4ebf6e27c1c43cbc7, type: 3}
      propertyPath: OpenThePadlock.m_PersistentCalls.m_Calls.Array.data[0].m_Arguments.m_BoolArgument
      value: 1
      objectReference: {fileID: 0}
    - target: {fileID: 1715983984, guid: bf1ab899542a88a4ebf6e27c1c43cbc7, type: 3}
      propertyPath: OpenThePadlock.m_PersistentCalls.m_Calls.Array.data[1].m_Mode
      value: 6
      objectReference: {fileID: 0}
    - target: {fileID: 1715983984, guid: bf1ab899542a88a4ebf6e27c1c43cbc7, type: 3}
      propertyPath: OpenThePadlock.m_PersistentCalls.m_Calls.Array.data[1].m_Arguments.m_BoolArgument
      value: 0
      objectReference: {fileID: 0}
    - target: {fileID: 1715983984, guid: bf1ab899542a88a4ebf6e27c1c43cbc7, type: 3}
      propertyPath: OpenThePadlock.m_PersistentCalls.m_Calls.Array.data[1].m_CallState
      value: 2
      objectReference: {fileID: 0}
    - target: {fileID: 1715983984, guid: bf1ab899542a88a4ebf6e27c1c43cbc7, type: 3}
      propertyPath: OpenThePadlock.m_PersistentCalls.m_Calls.Array.data[1].m_Target
      value: 
      objectReference: {fileID: 1274452384243996587}
    - target: {fileID: 1715983984, guid: bf1ab899542a88a4ebf6e27c1c43cbc7, type: 3}
      propertyPath: OpenThePadlock.m_PersistentCalls.m_Calls.Array.data[1].m_MethodName
      value: SetActive
      objectReference: {fileID: 0}
    - target: {fileID: 1715983984, guid: bf1ab899542a88a4ebf6e27c1c43cbc7, type: 3}
      propertyPath: OpenThePadlock.m_PersistentCalls.m_Calls.Array.data[1].m_Arguments.m_ObjectArgumentAssemblyTypeName
      value: UnityEngine.Object, UnityEngine
      objectReference: {fileID: 0}
    - target: {fileID: 5257039559451390155, guid: bf1ab899542a88a4ebf6e27c1c43cbc7,
        type: 3}
      propertyPath: m_LocalPosition.x
      value: -0.2
      objectReference: {fileID: 0}
    - target: {fileID: 5257039559451390155, guid: bf1ab899542a88a4ebf6e27c1c43cbc7,
        type: 3}
      propertyPath: m_LocalPosition.y
      value: 4.52
      objectReference: {fileID: 0}
    - target: {fileID: 5257039559451390155, guid: bf1ab899542a88a4ebf6e27c1c43cbc7,
        type: 3}
      propertyPath: m_LocalPosition.z
      value: -1.31
      objectReference: {fileID: 0}
    - target: {fileID: 5257039559451390155, guid: bf1ab899542a88a4ebf6e27c1c43cbc7,
        type: 3}
      propertyPath: m_LocalRotation.x
      value: -0
      objectReference: {fileID: 0}
    - target: {fileID: 5257039559451390155, guid: bf1ab899542a88a4ebf6e27c1c43cbc7,
        type: 3}
      propertyPath: m_LocalRotation.y
      value: -0
      objectReference: {fileID: 0}
    - target: {fileID: 5257039559451390155, guid: bf1ab899542a88a4ebf6e27c1c43cbc7,
        type: 3}
      propertyPath: m_LocalRotation.z
      value: -0
      objectReference: {fileID: 0}
    - target: {fileID: 5257039559451390155, guid: bf1ab899542a88a4ebf6e27c1c43cbc7,
        type: 3}
      propertyPath: m_LocalRotation.w
      value: 1
      objectReference: {fileID: 0}
    - target: {fileID: 5257039559451390155, guid: bf1ab899542a88a4ebf6e27c1c43cbc7,
        type: 3}
      propertyPath: m_RootOrder
      value: 1
      objectReference: {fileID: 0}
    - target: {fileID: 5257039559451390155, guid: bf1ab899542a88a4ebf6e27c1c43cbc7,
        type: 3}
      propertyPath: m_LocalEulerAnglesHint.x
      value: 0
      objectReference: {fileID: 0}
    - target: {fileID: 5257039559451390155, guid: bf1ab899542a88a4ebf6e27c1c43cbc7,
        type: 3}
      propertyPath: m_LocalEulerAnglesHint.y
      value: 0
      objectReference: {fileID: 0}
    - target: {fileID: 5257039559451390155, guid: bf1ab899542a88a4ebf6e27c1c43cbc7,
        type: 3}
      propertyPath: m_LocalEulerAnglesHint.z
      value: 0
      objectReference: {fileID: 0}
    - target: {fileID: 6546578561264117508, guid: bf1ab899542a88a4ebf6e27c1c43cbc7,
        type: 3}
      propertyPath: m_Name
      value: Padlock
      objectReference: {fileID: 0}
    m_RemovedComponents: []
  m_SourcePrefab: {fileID: 100100000, guid: bf1ab899542a88a4ebf6e27c1c43cbc7, type: 3}
--- !u!1 &1274452384243996587 stripped
GameObject:
  m_CorrespondingSourceObject: {fileID: 6546578561264117508, guid: bf1ab899542a88a4ebf6e27c1c43cbc7,
    type: 3}
  m_PrefabInstance: {fileID: 5437495343888904367}
  m_PrefabAsset: {fileID: 0}
--- !u!4 &252514478758821988 stripped
Transform:
  m_CorrespondingSourceObject: {fileID: 5257039559451390155, guid: bf1ab899542a88a4ebf6e27c1c43cbc7,
    type: 3}
  m_PrefabInstance: {fileID: 5437495343888904367}
  m_PrefabAsset: {fileID: 0}
